 Dungeon Crawl Stone Soup version 0.29-a0-284-gf9362112df (webtiles) character file.

Game seed: 6746908634792008259

13 GigaChad the Insei (level 2, -7/22 HPs)
             Began as a Djinni Transmuter on Mar 30, 2022.
             Mangled by a gnoll
             ... wielding a +0 spear
              (8 damage)
             ... on level 1 of the Dungeon on Mar 31, 2022.
             The game lasted 00:02:55 (288 turns).

GigaChad the Insei (Djinni Transmuter)               Turns: 288, Time: 00:02:56

Health: -7/22      AC:  2    Str:  9    XL:     2   Next: 50%
Gold:   37         EV: 12    Int: 14    God:
                   SH:  0    Dex: 13

rFire   + + .      SeeInvis .   e - +0 great sword
rCold   x . .      Faith    .   (shield currently unavailable)
rNeg    . . .      Spirit   .   a - +0 robe
rPois   ∞          Reflect  .   (no helmet)
rElec   .          Harm     .   (no cloak)
rCorr   .          Rampage  .   (no gloves)
Will    .....                   (boots unavailable)
Stlth   +.........              (no amulet)
HPRegen 0.07/turn               (no ring)
MPRegen 0.00/turn               (no ring)

@: flying
A: sickness immunity, fire resistance 2, cold vulnerability 1, float, innate
caster, HP casting, extra vitality 1
a: no special abilities


You were on level 1 of the Dungeon.
You visited 1 branch of the dungeon, and saw 1 of its levels.

You collected 37 gold pieces.

Inventory:

Hand Weapons
 c - a +0 dagger
 d - a +0 mace
 e - a +0 great sword (weapon)
Armour
 a - a +0 robe (worn)
Scrolls
 f - a scroll of identify {unknown}
 g - a scroll of brand weapon {unknown}
Potions
 b - a potion of lignification


   Skills:
 + Level 1.1 Fighting
 + Level 2.5 Dodging
 + Level 3.3 Unarmed Combat
 + Level 1.6 Spellcasting


You couldn't memorise any spells.
You knew the following spells:

 Your Spells              Type           Power      Damage    Failure   Level
a - Beastly Appendage     Tmut           10%        N/A       12%         1
b - Wereblood             Tmut           5%         N/A       19%         2
c - Spider Form           Tmut/Pois      5%         N/A       36%         3
d - Ice Form              Ice/Tmut       5%         N/A       77%         4
Your spell library was empty.

Dungeon Overview and Level Annotations

Branches:
Dungeon (1/15)

Altars:


Innate Abilities, Weirdness & Mutations

You are immune to sickness and miasma.
You are immune to poison.
Your flesh is very heat resistant. (rF++)
You are vulnerable to cold. (rC-)
You float through the air rather than walking.
You learn spells naturally, not from books.
Your magical power is your life essence.
You have superior vitality. (+4 MHP)


Message History

g - a scroll labelled UMIMIJ UMMYG
There are no items here.
Cast which spell? (? or * to list)
Your blood is infused with primal strength.
* * * LOW HITPOINT WARNING * * *
Your primal bloodlust is almost over.
A rat comes into view.
Found 6 stones.
Found 14 gold pieces.
Your primal bloodlust has ended.
The rat barely misses you. The rat closely misses you.
You slash the rat!
You kill the rat!
You see here a rat corpse.
You now have 29 gold pieces (gained 14).
Found 29 stones.
Found 8 gold pieces.
Found a stone staircase leading down.
You now have 37 gold pieces (gained 8).
There is a stone staircase leading down here.
There is a stone staircase leading down here.
An endoplasm comes into view.
A gnoll comes into view. It is wielding a +0 spear.
The endoplasm freezes you.
You are frozen.
You feel a terrible chill!
You slash the endoplasm!
You kill the endoplasm!
Found a scroll labelled ATEICAL SIMN.
The gnoll barely misses you.
You hit the gnoll.
The gnoll is lightly wounded.
The gnoll closely misses you. The gnoll hits you with a +0 spear!
* * * LOW HITPOINT WARNING * * *
You barely miss the gnoll.
The gnoll is lightly wounded.
The gnoll closely misses you.
You closely miss the gnoll.
The gnoll is lightly wounded.
The gnoll hits you with a +0 spear!
You die...

#### #.#. #.#. #...
#.###### #.#.
#......#############.#.
+....g@.............>..
#......####.#####....##
#......# #.# ###.####
#....?.# #.# #.....#
#...#### #.# #.....#
#.## #.# #.....# #. ...
#.....# # ..#.#.....###
#..........


You could see a gnoll.

Vanquished Creatures
  3 endoplasms (D:1)
  2 giant cockroaches (D:1)
  2 bats (D:1)
  2 goblins (D:1)
  2 kobolds (D:1)
  A rat (D:1)
12 creatures vanquished.

Notes
Turn   | Place    | Note
-------+----------+-------------------------------------------
     0 | D:1      | GigaChad the Djinni Transmuter began the quest for the Orb.
     0 | D:1      | Reached XP level 1. HP: 17/17 MP: 0/0
   105 | D:1      | Reached XP level 2. HP: 15/22 MP: 0/0
   286 | D:1      | HP: 1/22 [gnoll/+0 spear (8)]
   288 | D:1      | Mangled by a gnoll

Illustrated notes

Levels and vault maps discovered:
D:1:      elethiomel_arrival_infinity_welcomes_careful_drivers, layout_basic

Action                   || total
-------------------------++-------
Melee: Mace              ||     4
       Great sword       ||    15
       Dagger            ||     2
       Unarmed           ||     1
 Cast: Wereblood         ||     2
 Stab: Sleeping          ||     1
Armor: Robe              ||     3
Dodge: Dodged            ||    15

Table legend: (Time is in decaauts)
 A = Elapsed time spent in this place.
 B = Non-inter-level travel time spent in this place.
 C = Inter-level travel time spent in this place.
 D = Time resting spent in this place.
 E = Time spent auto-exploring this place.
 F = Levels seen in this place.
 G = Mean time per level.
                   A        B        C        D        E       F      G
               +--------+--------+--------+--------+--------+-----+--------+
         Total |    297 |    297 |      0 |      0 |      0 |   1 |  297.0 |
       Dungeon |    297 |    297 |      0 |      0 |      0 |   1 |  297.0 |
               +--------+--------+--------+--------+--------+-----+--------+

Top non-repeatable levels by time:
     D:1: 297 daAuts
